 Dungeon Crawl Stone Soup version 0.19.5 (webtiles) character file.

84 McKennaii the Skirmisher (level 4, 0/37 HPs)
             Began as a Demonspawn Abyssal Knight on Apr 25, 2017.
             Was a Follower of Lugonu.
             Slain by an adder (3 damage)
             ... on level 2 of the Dungeon.
             The game lasted 00:03:24 (1547 turns).

McKennaii the Skirmisher (DsAK)                     Turns: 1547, Time: 00:03:25

Health: 0/37       AC:  4    Str: 13    XL:     4   Next: 23%
Magic:  6/6        EV: 11    Int: 13    God:    Lugonu [*.....]
Gold:   96         SH:  0    Dex: 13    Spells: 0 memorised, 3 levels left

rFire  . . .     SeeInvis .     a - +1 falchion
rCold  . . .     Gourm    .     b - +0 leather armour
rNeg   . . .     Faith    .     (no shield)
rPois  .         Spirit   .     i - +0 helmet
rElec  .         Reflect  .     (no cloak)
rCorr  .         Harm     .     (no gloves)
MR     .....                    (no boots)
Stlth  +.........               (no amulet)
                                (no ring)
                                (no ring)

@: lethally poisoned (0 -> -5)
A: hooves 1
a: Depart the Abyss, Renounce Religion


You were on level 2 of the Dungeon.
You worshipped Lugonu.
Lugonu was aware of your devotion.
You were not hungry.

You visited 1 branch of the dungeon, and saw 2 of its levels.
You visited the Abyss 1 time.

You collected 96 gold pieces.

Inventory:

Hand Weapons
 a - a +1 falchion (weapon)
Armour
 b - a +0 leather armour (worn)
 i - a +0 helmet (worn)
Scrolls
 e - 2 scrolls of identify {unknown}
 g - a scroll of recharging {unknown}
Potions
 d - 2 potions of degeneration {unknown}
Comestibles
 c - 2 bread rations
 f - a fruit
 h - 2 meat rations


   Skills:
 + Level 3.8 Fighting
 + Level 2.5 Long Blades
 + Level 2.4 Armour
 + Level 1.3 Dodging
 + Level 2.9 Invocations


You had 3 spell levels left.
You didn't know any spells.

Dungeon Overview and Level Annotations

Branches:
Dungeon (2/15)

Altars:


Innate Abilities, Weirdness & Mutations

You have large cloven feet.


Message History

An adder is nearby!
The adder bites you but does no damage. The adder bites you.
You closely miss the adder. The adder bites you.
You are poisoned.
The adder poisons you!
You closely miss the adder. Your kick misses the adder.
You feel sick. The adder bites you.
* * * LOW HITPOINT WARNING * * *
The adder barely misses you.
You hit the adder.
The adder is moderately wounded.
The adder bites you.
* * * LOW HITPOINT WARNING * * *
You closely miss the adder.
The adder is moderately wounded.
You feel sick. The adder bites you.
* * * LOW HITPOINT WARNING * * *
You are more poisoned.
The adder poisons you! The adder bites you.
You die...

##..........##
.............#########
#.........#.##.......
#.........#..#......)
#.........##.#.......
#.........##.#.......
#.........##.........
..##.........###....).(.
......S@.....+..........
..#..........####..#####
#.##+####### #..# ..
#..# . #..# #..#
#..##### .)...... #.#
#..#####


You could see an adder.

Vanquished Creatures
  Jessica (D:2)
  An adder (D:2)
  An ooze (D:2)
  2 worms (D:2)
  A dart slug (D:1)
  A leopard gecko (D:2)
  7 bats
  3 giant cockroaches
  2 goblins (D:1)
  6 hobgoblins
  2 jackals (D:1)
  4 kobolds
  A quokka (D:2)
  A ball python (D:1)
  A rat (D:2)
34 creatures vanquished.

Notes
Turn   | Place    | Note
-------+----------+-------------------------------------------
     0 | Abyss:1  | McKennaii the Demonspawn Abyssal Knight began the quest for the Orb.
     0 | Abyss:1  | Reached XP level 1. HP: 18/18 MP: 2/2
    85 | Abyss:3  | Noticed a large abomination
    86 | D:1      | Escaped the Abyss
   214 | D:1      | Gained mutation: You have large cloven feet. [demonic ancestry]
   214 | D:1      | Reached XP level 2. HP: 13/24 MP: 4/4
   360 | D:1      | Reached skill level 1 in Dodging
   587 | D:1      | Reached * piety under Lugonu
  1062 | D:2      | Noticed Jessica
  1066 | D:2      | Killed Jessica
  1066 | D:2      | Reached XP level 3. HP: 16/29 MP: 5/5
  1105 | D:2      | Reached XP level 4. HP: 3/37 MP: 6/6
  1547 | D:2      | Slain by an adder

Skill      XL: |  1  2 |
---------------+-------+-----
Armour         | 2 |  2.4
Long Blades    | 2 |  2.5
Dodging        | 1 |  1.3
Fighting       | |  3.8
Invocations    | |  2.9

Action                   |  1- 3 |  4- 6 || total
-------------------------+-------+-------++-------
Melee: Falchion          |    67 |    40 ||   107
       Kick              |     9 |     9 ||    18
Invok: Depart the Abyss  |     1 |       ||     1
  Use: Potion            |     2 |       ||     2
  Eat: Chunk             |       |     2 ||     2
Armor: Leather armour    |    28 |    13 ||    41
Dodge: Dodged            |    42 |    24 ||    66
       Rpst.: Falchion   |    11 |     6 ||    17
